 Dungeon Crawl Stone Soup version 0.26.1-2-gb8aa6d0cf2 (webtiles) character file.

Game seed: 4243184421479658106

85 Gadfly the Charlatan (level 4, -2/41 HPs)
             Began as a Troll Artificer on Feb 25, 2021.
             Killed from afar by Sigmund (7 damage)
             ... with a magic dart
             ... on level 3 of the Dungeon.
             The game lasted 00:03:24 (1607 turns).

Gadfly the Charlatan (Troll Artificer)              Turns: 1607, Time: 00:03:25

Health: -2/41      AC:  7    Str: 21    XL:     4   Next: 25%
Magic:  3/3        EV: 10    Int:  7    God:
Gold:   25         SH:  0    Dex: 10    Spells: 3/3 levels left

rFire    . . .     SeeInvis .   a - +0 whip (vamp)
rCold    . . .     Faith    .   (no shield)
rNeg     . . .     Spirit   .   h - +1 robe
rPois    .         Reflect  .   (helmet restricted)
rElec    .         Harm     .   (no cloak)
rCorr    .         Rampage  .   (gloves unavailable)
Will     .....                  (boots unavailable)
Stlth    +.........             (no amulet)
HPRegen  0.53/turn              (no ring)
MPRegen  0.08/turn              (no ring)

@: confused, lethally poisoned (-2 -> -2)
A: large, unfitting armour, claws 3, regeneration 1, shaggy fur 1, tough skin 3
a: no special abilities


You were on level 3 of the Dungeon.
You visited 1 branch of the dungeon, and saw 3 of its levels.

You collected 25 gold pieces.

Inventory:

Hand Weapons
 a - a +0 vampiric whip (weapon)
Armour
 h - a +1 robe (worn)
Wands
 c - a wand of flame (15) (quivered)
 d - a wand of enslavement (15)
 e - a wand of random effects (15)
Scrolls
 b - 2 scrolls of teleportation
Potions
 f - a potion of haste
 i - a potion of mutation {unknown}


   Skills:
 + Level 1.5 Fighting
 * Level 2.1 Maces & Flails
 * Level 1.8 Armour
 - Level 1.9 Dodging
 - Level 0.3 Stealth
 - Level 2.1 Evocations


You had 3 spell levels left.
You didn't know any spells.
Your spell library was empty.

Dungeon Overview and Level Annotations

Branches:
Dungeon (3/15)

Altars:
Sif Muna

Annotations:
D:3 Sigmund


Innate Abilities, Weirdness & Mutations

You are too large for most types of armour.
You have claws for hands.
Your natural rate of healing is unusually fast.
You are covered in fur. (AC +1)
You have extremely tough skin. (AC +3)


Message History

You are confused.
The adder bites you but does no damage.
You feel much better. The adder bites you.
Sigmund points at you and mumbles some strange words.
The puff of flame hits you!
* * * LOW HITPOINT WARNING * * *
You feel sick. The adder bites you.
* * * LOW HITPOINT WARNING * * *
You are more poisoned.
The adder poisons you!
Sigmund hits you from afar with a +0 scythe.
* * * LOW HITPOINT WARNING * * *
The adder closely misses you. The adder closely misses you.
You feel sick. Sigmund barely misses you. The adder barely misses you.
There is a stone staircase leading up, spattered with blood here.
You're too confused to move!
You feel sick. The adder closely misses you. Sigmund casts a spell at you.
The magic dart hits you!
You die...

#+ #.#..# ...
#.#..#
..####.#..#
......#..#
#.......#
#.......#
#..@....#
#...@S..#
#......##
#..###.......
### ####.##


You could see Sigmund and an adder.

Vanquished Creatures
  3 adders (D:2)
  2 oozes (D:2)
  4 dart slugs
  4 giant cockroaches
  4 goblins
  5 hobgoblins
  5 jackals
  A bat (D:2)
  2 frilled lizards (D:1)
  6 kobolds
  3 rats
39 creatures vanquished.

Notes
Turn   | Place    | Note
-------+----------+-------------------------------------------
     0 | D:1      | Gadfly the Troll Artificer began the quest for the Orb.
     0 | D:1      | Reached XP level 1. HP: 18/18 MP: 0/0
   142 | D:1      | Reached skill level 1 in Fighting
   306 | D:1      | Reached XP level 2. HP: 27/27 MP: 1/1
   336 | D:1      | Reached skill level 1 in Maces & Flails
   377 | D:1      | Reached skill level 1 in Armour
   717 | D:2      | Reached XP level 3. HP: 22/33 MP: 2/2
  1047 | D:2      | Reached XP level 4. HP: 9/41 MP: 3/3
  1251 | D:2      | Found a shimmering blue altar of Sif Muna.
  1581 | D:3      | Noticed Sigmund
  1601 | D:3      | HP: 1/41 [adder (3)]
  1607 | D:3      | Killed from afar by Sigmund

Illustrated notes

Levels and vault maps discovered:
D:1:      lightli_arrival_maybe_door_vault, layout_basic, hex_tiny
D:2:      layout_basic, lemuel_crystal_altar, minmay_misc_feat_x,
          chequers_decorated_corner
D:3:      layout_basic, minmay_rat_hole, uniq_sigmund

Skill      XL: |  1  2  3 |
---------------+----------+-----
Fighting       | 1 |  1.5
Maces & Flails | 1 2 |  2.1
Armour         | 1 |  1.8
Dodging        | |  1.9
Stealth        | |  0.3
Evocations     | |  2.1

Action                   |  1- 3 |  4- 6 || total
-------------------------+-------+-------++-------
Melee: Club              |    32 |       ||    32
       Whip              |   112 |    67 ||   179
  Use: Scroll            |     2 |     6 ||     8
       Potion            |       |     2 ||     2
Armor: Robe              |    63 |    29 ||    92
Dodge: Dodged            |    76 |    61 ||   137
